 Dungeon Crawl Stone Soup version 0.23-a0-484-g29ba69c (webtiles) character file.

546 Leeroy the Charmwright (level 7, -2/50 HPs)
             Began as a Gnoll Skald on Nov 30, 2018.
             Was a Priest of Hepliaklqana.
             Slain by a gnoll
             ... wielding a +0 spear
              (10 damage)
             ... on level 5 of the Dungeon.
             The game lasted 00:31:25 (3180 turns).

Leeroy the Charmwright (Gnoll Skald)                Turns: 3180, Time: 00:31:26

Health: -2/50      AC:  8    Str: 13    XL:     7   Next: 28%
Magic:  11/15      EV: 13    Int: 18    God:    Hepliaklqana [***...]
Gold:   267        SH:  0    Dex: 19    Spells: 4/17 levels left

rFire    . . .     SeeInvis .   Y - +10 dagger "Raeppaw" {freeze, Int+2 Dex+3}
rCold    . . .     Gourm    .   L - +1 shield
rNeg     . . .     Faith    .   b - +0 leather armour
rPois    .         Spirit   .   r - +0 helmet
rElec    .         Reflect  .   s - +0 cloak
rCorr    .         Harm     .   g - +0 pair of gloves
MR       .....                  t - +0 pair of boots
Stlth    +.........             (no amulet)
HPRegen  0.16/turn              (no ring)
MPRegen  0.14/turn              (no ring)

@: confused, infused, very slightly contaminated
A: distributed training, reduced essence, fangs 1, strong nose
a: Recall Ancestor, Ancestor Identity, Transference, Renounce Religion


You were on level 5 of the Dungeon.
You worshipped Hepliaklqana.
Hepliaklqana was most pleased with you.
You were not hungry.

You visited 1 branch of the dungeon, and saw 5 of its levels.

You collected 267 gold pieces.

Inventory:

Hand Weapons
 a - a +0 falchion
 i - a +0 dagger
 l - a +0 great sword
 p - a +0 short sword
 D - a +0 shortbow
 F - a +0 hand axe
 J - a +0 club
 K - a +0 short sword of electrocution
 O - a +0 spear
 V - a +0 trident
 Y - the +10 dagger "Raeppaw" (weapon) {freeze, Int+2 Dex+3}
   (You found it on level 4 of the Dungeon)

   It has been specially enchanted to freeze those struck by it, causing extra
   injury to most foes and up to half again as much damage against particularly
   susceptible opponents.
   It can also slow down cold-blooded creatures.
   It affects your intelligence (+2).
   It affects your dexterity (+3).
Missiles
 c - 239 stones
 e - 7 needles of sleeping
 h - 14 bolts
 o - 4 tomahawks
 v - 32 poisoned needles
 y - 49 arrows
 E - 2 javelins (quivered)
 N - 28 sling bullets
Armour
 b - a +0 leather armour (worn)
 g - a +0 pair of gloves (worn)
 j - a +0 ring mail
 k - a +0 chain mail
 m - a cursed +0 chain mail
 r - a +0 helmet (worn)
 s - a +0 cloak (worn)
 t - a +0 pair of boots (worn)
 x - a cursed +0 leather armour
 L - a +1 shield (worn)
 P - a +0 robe
 Q - a +0 scale mail
 R - a cursed +0 robe
 S - a +0 ring mail
Jewellery
 C - an uncursed amulet of the gourmand {unknown}
 W - an uncursed ring of resist corrosion {unknown}
Scrolls
 n - a scroll of remove curse
 q - a scroll of fog {unknown}
 A - a scroll of blinking {unknown}
 H - a scroll of fear {unknown}
 I - a scroll of magic mapping {unknown}
 T - a scroll of random uselessness {unknown}
 Z - a scroll of immolation {unknown}
Potions
 w - a potion of ambrosia
 z - 3 potions of haste {unknown}
 B - 3 potions of might {unknown}
 G - a potion of resistance {unknown}
 M - 2 potions of curing {unknown}
 U - a potion of berserk rage {unknown}
 X - a potion of magic {unknown}
Comestibles
 d - 8 rations
 u - 4 chunks of flesh


   Skills:
 + Level 5.2 Fighting
 + Level 2.3 Short Blades
 + Level 5.2 Long Blades
 + Level 2.3 Axes
 + Level 2.3 Maces & Flails
 + Level 2.3 Polearms
 + Level 2.3 Staves
 + Level 2.3 Slings
 + Level 2.3 Bows
 + Level 2.3 Crossbows
 + Level 2.3 Throwing
 + Level 3.5 Armour
 + Level 5.2 Dodging
 + Level 2.3 Stealth
 + Level 2.3 Shields
 + Level 2.3 Unarmed Combat
 + Level 5.5 Spellcasting
 + Level 1.9 Conjurations
 + Level 1.9 Hexes
 + Level 5.8 Charms
 + Level 1.9 Summonings
 + Level 1.9 Necromancy
 + Level 1.9 Translocations
 + Level 1.9 Transmutations
 + Level 1.9 Fire Magic
 + Level 1.9 Ice Magic
 + Level 1.9 Air Magic
 + Level 1.9 Earth Magic
 + Level 1.9 Poison Magic
 + Level 2.6 Invocations
 + Level 2.3 Evocations


You had 4 spell levels left.
You knew the following spells:

 Your Spells              Type           Power        Failure   Level  Hunger
a - Infusion              Chrm           ####         8%          1    None
b - Shroud of Golubria    Chrm/Tloc      ###.......   24%         2    None
c - Regeneration          Chrm/Necr      ###.......   43%         3    ##.....
d - Airstrike             Air            ##........   98%         4    ####...
e - Mephitic Cloud        Conj/Pois/Air  ##......     73%         3    ##.....

Your spell library contained the following spells:

 Spells                   Type           Power        Failure   Level  Hunger
 Song of Slaying          Chrm           ####....     11%         2    None
 Spectral Weapon          Hex/Chrm       ###.....     43%         3    ##.....
 Call Imp                 Summ           ##......     50%         2    None
 Aura of Abjuration       Summ           ##........   100%        5    #####..


Dungeon Overview and Level Annotations

Branches:
Dungeon (5/15)
 Temple: D:4-7

Altars:
Ashenzari
Hepliaklqana
Zin


Innate Abilities, Weirdness & Mutations

Your experience applies equally to all skills.
You have very sharp teeth.
Your uncanny sense of smell can sniff out nearby items.
Your life essence is reduced to manifest your ancestor. (-10% HP)


Message History

The gnoll barely misses you. You block the gnoll's attack.
As you read the scroll labeled RIULIR UTRU, it crumbles to dust.
It is a scroll of enchant armour.
Your +0 shield glows green for a moment.
You block the gnoll's attack.
The gnoll hits the ooze with a +0 spear.
The ooze misses you. You block the ogre's attack. The gnoll barely misses you.
The gnoll hits you from afar with a +1 spear of piercing.
* * * LOW HITPOINT WARNING * * *
x2 Unknown command.
It was a potion of ambrosia.
You are confused.
You feel invigorated.
The gnoll seems less confused.
The gnoll barely misses you. The gnoll hits you with a +0 whip.
* * * LOW HITPOINT WARNING * * *
The gnoll hits you with a +0 flail.
* * * LOW HITPOINT WARNING * * *
The ooze barely misses you.
The gnoll hits you from afar with a +0 spear!
You die...

.....##.######.
#.# #.#.# #.# #
##....##.## #.
.........# .
.......##..###...
#.#...............
...#.#.###.>###...
.....gg###..####..
..#.gg@..........
......JO........#.
#.##.g......##.##
#.#######.# #.# ..
.# #.# ## ## ##


You could see an ogre, 5 gnolls and an ooze.

Vanquished Creatures
  A phantom (D:4)
  A centaur (D:5)
  A bullfrog (D:5)
  A scorpion (D:5)
  A bullfrog zombie (D:5)
  A hound (D:5)
  A gnoll shaman (D:5)
  A centaur skeleton (D:4)
  A worker ant (D:4)
  2 adders
  4 oozes (D:1)
  An adder skeleton (D:4)
  A worm (D:3)
  2 dart slugs (D:2)
  4 orcs (D:5)
  3 giant cockroaches
  5 goblins
  5 hobgoblins
  5 jackals
  2 kobolds (D:1)
  5 quokkas
  2 bats (D:1)
  5 frilled lizards
  7 rats
  A plant (D:1)
63 creatures vanquished.

Vanquished Creatures (collateral kills)
  An adder (D:4)
  A worm (D:3)
  A leopard gecko (D:3)
  A giant cockroach (D:3)
  2 hobgoblins (D:3)
  A quokka (D:3)
  2 bats (D:3)
9 creatures vanquished.

Vanquished Creatures (others)
  2 hexers
2 creatures vanquished.

Grand Total: 74 creatures vanquished

Notes
Turn   | Place    | Note
-------+----------+-------------------------------------------
     0 | D:1      | Leeroy the Gnoll Skald began the quest for the Orb.
     0 | D:1      | Reached XP level 1. HP: 20/20 MP: 6/6
   129 | D:1      | Reached XP level 2. HP: 26/26 MP: 7/7
   134 | D:1      | Found a shattered altar of Ashenzari.
   199 | D:1      | Learned a level 2 spell: Shroud of Golubria
   298 | D:1      | Reached XP level 3. HP: 31/31 MP: 9/9
   567 | D:1      | Reached skill level 5 in Spellcasting
  1044 | D:2      | Reached skill level 1 in Invocations
  1287 | D:2      | Reached skill level 1 in Short Blades
  1287 | D:2      | Reached skill level 1 in Axes
  1287 | D:2      | Reached skill level 1 in Maces & Flails
  1287 | D:2      | Reached skill level 1 in Polearms
  1287 | D:2      | Reached skill level 1 in Staves
  1287 | D:2      | Reached skill level 1 in Slings
  1287 | D:2      | Reached skill level 1 in Bows
  1287 | D:2      | Reached skill level 1 in Crossbows
  1287 | D:2      | Reached skill level 1 in Throwing
  1287 | D:2      | Reached skill level 1 in Stealth
  1287 | D:2      | Reached skill level 1 in Shields
  1287 | D:2      | Reached skill level 1 in Unarmed Combat
  1287 | D:2      | Reached skill level 1 in Evocations
  1422 | D:2      | Reached XP level 4. HP: 38/38 MP: 11/11
  1465 | D:2      | Found a faded altar of an unknown god.
  1476 | D:2      | Became a worshipper of Hepliaklqana the Forgotten
  1476 | D:2      | Reached * piety under Hepliaklqana
  1932 | D:3      | Reached ** piety under Hepliaklqana
  1935 | D:3      | Remembered your ancestor Xiloxoch as a hexer
  2048 | D:3      | Reached skill level 1 in Conjurations
  2048 | D:3      | Reached skill level 1 in Hexes
  2048 | D:3      | Reached skill level 1 in Summonings
  2048 | D:3      | Reached skill level 1 in Necromancy
  2048 | D:3      | Reached skill level 1 in Translocations
  2048 | D:3      | Reached skill level 1 in Transmutations
  2048 | D:3      | Reached skill level 1 in Fire Magic
  2048 | D:3      | Reached skill level 1 in Ice Magic
  2048 | D:3      | Reached skill level 1 in Air Magic
  2048 | D:3      | Reached skill level 1 in Earth Magic
  2048 | D:3      | Reached skill level 1 in Poison Magic
  2381 | D:4      | Reached XP level 5. HP: 35/38 MP: 12/12
  2454 | D:4      | Got a pitted dagger
  2455 | D:4      | Identified the +10 dagger "Raeppaw" {freeze, Int+2 Dex+3}
                  | (You found it on level 4 of the Dungeon)
  2512 | D:4      | Identified the Almanac of Creative Lightness
  2518 | D:4      | Learned a level 3 spell: Regeneration
  2523 | D:4      | Learned a level 4 spell: Airstrike
  2527 | D:4      | Learned a level 3 spell: Mephitic Cloud
  2544 | D:4      | Noticed a phantom
  2606 | D:4      | Killed a phantom
  2606 | D:4      | Reached XP level 6. HP: 34/45 MP: 10/13
  2795 | D:4      | Found a glowing silver altar of Zin.
  2918 | D:5      | Entered Level 5 of the Dungeon
  3074 | D:5      | Reached skill level 5 in Fighting
  3074 | D:5      | Reached skill level 5 in Long Blades
  3074 | D:5      | Reached skill level 5 in Dodging
  3149 | D:5      | Reached XP level 7. HP: 42/50 MP: 15/15
  3166 | D:5      | Reached *** piety under Hepliaklqana
  3180 | D:5      | Slain by a gnoll

Vault maps used:
D:1:      eino_arrival_water_cross, solitary_fountain, serial_park_tiny_1,
          minmay_hexomino_r4
D:2:      chequers_ecumenical_altar_twisty
D:3:      first_ration
D:4:      marbit_many_paths
D:5:      bh_walls_and_bars

Skill      XL: |  1  2  3  4  5  6 |
---------------+-------------------+-----
Spellcasting   | 5 |  5.5
Invocations    | 1 2 |  2.6
Short Blades   | 1 2 |  2.3
Axes           | 1 2 |  2.3
Maces & Flails | 1 2 |  2.3
Polearms       | 1 2 |  2.3
Staves         | 1 2 |  2.3
Slings         | 1 2 |  2.3
Bows           | 1 2 |  2.3
Crossbows      | 1 2 |  2.3
Throwing       | 1 2 |  2.3
Stealth        | 1 2 |  2.3
Shields        | 1 2 |  2.3
Unarmed Combat | 1 2 |  2.3
Evocations     | 1 2 |  2.3
Conjurations   | 1 |  1.9
Hexes          | 1 |  1.9
Summonings     | 1 |  1.9
Necromancy     | 1 |  1.9
Translocations | 1 |  1.9
Transmutations | 1 |  1.9
Fire Magic     | 1 |  1.9
Ice Magic      | 1 |  1.9
Air Magic      | 1 |  1.9
Earth Magic    | 1 |  1.9
Poison Magic   | 1 |  1.9
Armour         | 3 |  3.5
Fighting       | 5 |  5.2
Long Blades    | 5 |  5.2
Dodging        | 5 |  5.2
Charms         | |  5.8

Action                   |  1- 3 |  4- 6 |  7- 9 || total
-------------------------+-------+-------+-------++-------
Melee: Falchion          |   196 |    49 |       ||   245
       Bite              |    39 |    12 |       ||    51
       Punch             |     1 |       |       ||     1
       Dagger            |       |    44 |     6 ||    50
Throw: Stone             |     2 |     2 |       ||     4
       Javelin           |       |     2 |     1 ||     3
 Cast: Infusion          |     1 |     3 |     1 ||     5
       Shroud of Golubri |       |     1 |     1 ||     2
Invok: Recall Ancestor   |       |     5 |       ||     5
       Ancestor Identity |       |     2 |       ||     2
       Ancestor Life: He |       |     1 |       ||     1
  Use: Scroll            |       |     7 |     1 ||     8
       Potion            |       |       |     1 ||     1
 Stab: Distracted        |       |     1 |       ||     1
       Sleeping          |       |     1 |       ||     1
  Eat: Chunk             |     2 |     3 |       ||     5
       Ration            |       |     1 |       ||     1
Armor: Leather armour    |     5 |     2 |     5 ||    12
       Chain mail        |    22 |       |       ||    22
       Ring mail         |    21 |    18 |       ||    39
Dodge: Dodged            |    76 |    33 |    22 ||   131
Block: Shield            |       |    34 |     8 ||    42
       Rpst.: Falchion   |    25 |     6 |       ||    31

Table legend:
 A = Non-vault XP
 B = Vault XP
 C = Vault XP percentage of total XP
 D = Non-vault monster count
 E = Vault monster count
 F = Vault count percentage of total count
                 A         B        C        D         E       F
            +---------+---------+-------+---------+---------+-------
      Total |     769 |      12 |   1.5 |      67 |       4 |   5.6
            +---------+---------+-------+---------+---------+-------
        D:1 |      37 |      11 |  22.9 |      12 |       3 |  20.0
        D:2 |      39 |       0 |   0.0 |      15 |       0 |   0.0
        D:3 |      46 |       0 |   0.0 |      17 |       0 |   0.0
        D:4 |     214 |       1 |   0.5 |       6 |       1 |  14.3
        D:5 |     433 |       0 |   0.0 |      17 |       0 |   0.0
            +---------+---------+-------+---------+---------+-------
